 Dungeon Crawl Stone Soup version 0.31.0-11-ge490571c62 (webtiles) character file.

Game seed: 13883885174775074990

16395 SnakkuSnakku7 the Brawler (level 12, 0/106 HPs)
             Began as a Ghoul Summoner on Jan 26, 2024.
             Was a Priest of Uskayaw.
             Slain by a salamander mystic
             ... wielding a +1 rapier of flaming
              (1 damage)
             ... in a volcano.
             The game lasted 00:15:13 (10535 turns).

SnakkuSnakku7 the Brawler (Ghoul Summoner)         Turns: 10535, Time: 00:15:14

Health: 0/106      AC: 13    Str: 17    XL:     12   Next: 37%
Magic:  22/27      EV: 11    Int: 14    God:    Uskayaw [***...]
Gold:   324        SH:  0    Dex:  9    Spells: 13/14 levels left

rFire   + .          .
                       - Unarmed
rCold   + + .        c - orb {light}
rNeg    + + +        n - +3 ring mail "Aruonio" {rCorr}
rPois   ∞            B - +2 helmet {SInv}
rElec   +            (no cloak)
rCorr   +            (no gloves)
SInv    +            (no boots)
Will    .....        e
                       - Hermit's Pendant {Faith Invo=14 Evo=0 MP+5}
Stlth   +            (no ring)
HPRegen 0.00/turn    (no ring)
MPRegen 0.20/turn

%: faith
@: about to teleport, resistant, inhibited regen, glowing
A: claws 1, cold resistance 1, negative energy resistance 3, inhibited
regeneration, torment resistance 2, devour on kill
a: Renounce Religion, Stomp, Line Pass


You were in a volcano.
You worshipped Uskayaw.
Uskayaw was noncommittal.
You visited 3 branches of the dungeon, and saw 13 of its levels.
You also visited: Volcano.

You collected 751 gold pieces.
You spent 427 gold pieces at shops.

Inventory:

Missiles
 k - 17 poisoned darts (quivered)
 y - a curare-tipped dart
Armour
 c - an orb of light (worn)
 g - an orb of mayhem
 m - a +0 pair of gloves
 n - the +3 ring mail "Aruonio" (worn) {rCorr}
   (You found it on level 2 of the Dungeon)

   rCorr:     It protects you from acid and corrosion.
 B - a +2 helmet of see invisible (worn)
Jewellery
 e - the Hermit's Pendant (around neck) {Faith Invo=14 Evo=0 MP+5}
   (You found it on level 5 of the Dungeon)

   [amulet of faith]

   Invo=14: It sets your Invocations skill to 14.
   Evo=0: It sets your Evocations skill to 0.
   Faith:     It allows you to gain divine favour quickly.
   MP+5:      It affects your magic capacity (+5).
 t - an amulet of the acrobat
Wands
 q - a wand of roots (8)
 C - a wand of flame (9)
Scrolls
 a - a scroll of torment {unknown}
 d - a scroll of vulnerability
 f - 5 scrolls of enchant armour
 j - 2 scrolls of teleportation
 l - a scroll of butterflies {unknown}
 p - 2 scrolls of fear {unknown}
 u - 3 scrolls of fog {unknown}
 w - 2 scrolls of poison
 E - a scroll of silence {unknown}
Potions
 b - a potion of magic
 i - 5 potions of curing
 o - a potion of ambrosia
 r - a potion of attraction
 x - a potion of cancellation
 D - a potion of enlightenment


   Skills:
 - Level 10.0 Fighting
 - Level 10.0 Armour
 + Level 2.0 Dodging
 - Level 2.1 Stealth
 - Level 15.0 Unarmed Combat
 - Level 1.7 Spellcasting
 - Level 3.6 Summonings
 - Level 1.6(14.0) Invocations


You had 13 spell levels left.
You knew the following spells:

 Your Spells              Type           Power      Damage    Failure   Level
a - Summon Small Mammal   Summ           44%        N/A       9%          1

Your spell library contained the following spells:

 Spells                   Type           Power      Damage    Failure   Level
 Call Imp                 Summ           22%        N/A       14%         2
 Call Canine Familiar     Summ           11%        N/A       26%         3
 Freeze                   Ice            4%         1d3       36%         1
 Summon Ice Beast         Ice/Summ       6%         N/A       50%         3
 Frozen Ramparts          Ice            2%         1d1       75%         3
 Hailstorm                Conj/Ice       1%         3d5       75%         3
 Summon Blazeheart Golem  Fire/Summ      6%         N/A       88%         4
 Summon Lightning Spire   Summ/Air       6%         N/A       88%         4
 Ignite Poison            Fire/Alch      1%         N/A       98%         4
 Sticky Flame             Fire/Alch      1%         2d4       98%         4
 Sculpt Simulacrum        Ice/Alch       0%         N/A       100%        6
 Ignition                 Fire           0%         3d3       100%        8


Dungeon Overview and Level Annotations

Branches:
Dungeon (10/15)            Temple (1/1) D:6            Lair (2/5) D:9
  Swamp (0/4) Lair:2          Orc (0/2) D:9         Volcano (1/1)
  Snake: Lair:2-3    Spider: Lair:2-3

Altars:
Ashenzari
Cheibriados
Dithmenos
Fedhas
Gozag
Hepliaklqana
Kikubaaqudgha
Makhleb
Nemelex Xobeh
Okawaru
Qazlal
Ru
Sif Muna
Trog
Uskayaw
Vehumet
Wu Jian
Xom
Yredelemnul

Shops:
D:4 !   D:9 [(


Innate Abilities, Weirdness & Mutations

You are immune to poison.
You have sharp fingernails.
Your flesh is cold resistant. (rC+)
You are immune to negative energy. (rN+++)
You do not regenerate when monsters are visible.
You are immune to unholy pain and torment.
You thrive by killing the living.


Message History

The salamander mystic points at you and mumbles some strange words.
The bolt of magma hits you! You partially resist.
* * * LOW HITPOINT WARNING * * *
Training target 10.0 for Armour reached!
Your Armour skill increases to level 10!
You need to enable at least one skill for training.
Your Dodging skill increases to level 2!
The salamander hits you from afar with a +2 trident of flaming!
* * * LOW HITPOINT WARNING * * *
You are engulfed in flames.
You resist.
* * * LOW HITPOINT WARNING * * *
The salamander burns you.
* * * LOW HITPOINT WARNING * * *
Unknown command.
You scratch the salamander mystic.
The salamander mystic is lightly wounded.
The salamander misses you.
The salamander mystic hits you with a +1 rapier of flaming!
* * * LOW HITPOINT WARNING * * *
You are engulfed in flames.
You resist.
* * * LOW HITPOINT WARNING * * *
The salamander mystic burns you.
* * * LOW HITPOINT WARNING * * *
You feel much better.
The salamander hits you but does no damage.
The salamander mystic points at you and mumbles some strange words.
The lance of force hits you.
* * * LOW HITPOINT WARNING * * *
You are knocked back by the lance of force.
You slam into the rock wall!
* * * LOW HITPOINT WARNING * * *
The salamander closely misses you.
As you read the scroll of teleportation, it crumbles to dust.
You feel strangely unstable. The salamander closely misses you.
The salamander mystic hits you with a +1 rapier of flaming.
* * * LOW HITPOINT WARNING * * *
You are engulfed in flames!
You resist.
* * * LOW HITPOINT WARNING * * *
The salamander mystic burns you.
You die...

....# ≈...##
.....## §§§...##
#####
§≈≈≈...###...##
≈≈§≈≈§..#..8..####
≈≈§§§...#.....##.#
≈≈≈≈..#.#.....8)$#
§≈≈..#.##..⌠..#!@#
≈§..######...##N.#
§§..### ##'####N##
§§..)8###...#....##
§§....).).∩.')._..#
.....8###...#....##
...#### ##'#####'#
#.## #... .# ###
.⌠..# .#


You could see a salamander mystic and a salamander (fast).

Vanquished Creatures
  A hydra (Lair:2)
  A two-headed ogre (D:10)
  A hell knight (Volcano)
  A deep elf pyromancer (D:9)
  4 salamanders (Volcano)
  A black mamba (Lair:2)
  A molten gargoyle (Volcano)
  2 cane toads (Lair:2)
  Jeremiah (D:9)
  A rime drake (D:9)
  5 komodo dragons
  A hornet (D:10)
  A polar bear (D:9)
  3 blink frogs (Lair:1)
  A wraith (D:10)
  3 fire bats (Volcano)
  A wyvern (D:9)
  2 shadows
  A basilisk (Lair:1)
  8 yaks
  Menkaure (D:4)
  A steam dragon (D:9)
  2 vampire mosquitoes (D:8)
  2 hell hounds (Lair:2)
  6 water moccasins
  5 ice beasts
  4 orc warriors
  A black bear (Lair:2)
  A hornet zombie (D:7)
  A centaur (D:9)
  7 wolves
  A phantom (D:4)
  2 kobold brigands
  5 bullfrogs
  2 gnoll sergeants
  6 scorpions
  3 wyvern zombies (D:7)
  4 wights
  16 killer bees (D:9)
  3 howler monkeys
  4 lava snakes (Volcano)
  A bombardier beetle (D:4)
  A bullfrog zombie (D:7)
  2 centaur zombies (D:7)
  6 hounds
  A human zombie (D:7)
  8 orc priests
  6 iguanas
  A sleepcap (D:6)
  8 orc wizards
  A killer bee zombie (D:7)
  10 gnolls
  6 adders
  A white imp (D:6)
  3 dart slugs
  A ribbon worm (D:2)
  45 orcs
  4 endoplasms
  3 giant cockroaches
  7 goblins
  7 hobgoblins
  2 jackals (D:2)
  3 quokkas
  9 ball pythons
  3 bats
  3 frilled lizards (D:1)
  11 kobolds
  8 rats
278 creatures vanquished.

Notes
Turn   | Place    | Note
-------+----------+-------------------------------------------
     0 | D:1      | SnakkuSnakku7 the Ghoul Summoner began the quest for the
                  | Orb.
     0 | D:1      | Reached XP level 1. HP: 14/14 MP: 3/3
    96 | D:1      | Found a faded altar of an unknown god.
   105 | D:1      | Reached skill level 1 in Fighting
   105 | D:1      | Reached skill level 1 in Unarmed Combat
   107 | D:1      | Reached XP level 2. HP: 17/23 MP: 4/4
   538 | D:1      | Reached XP level 3. HP: 25/29 MP: 5/5
   769 | D:2      | Reached skill level 2 in Unarmed Combat
   861 | D:2      | Identified the +3 ring mail "Aruonio" {rCorr}
  1055 | D:2      | Reached XP level 4. HP: 30/37 MP: 6/6
  1621 | D:3      | Found a snail-covered altar of Cheibriados.
  2278 | D:4      | Reached skill level 3 in Unarmed Combat
  2310 | D:4      | Found Qenier's Distillery.
  2318 | D:4      | Bought a potion of heal wounds for 60 gold pieces
  2340 | D:4      | Reached XP level 5. HP: 18/45 MP: 7/7
  2456 | D:4      | Noticed a phantom
  2469 | D:4      | Killed a phantom
  2470 | D:4      | Reached skill level 4 in Unarmed Combat
  2771 | D:4      | Reached XP level 6. HP: 47/53 MP: 8/8
  3051 | D:4      | Reached skill level 5 in Fighting
  3051 | D:4      | Reached skill level 5 in Unarmed Combat
  3124 | D:4      | Noticed Menkaure
  3134 | D:4      | Killed Menkaure
  3135 | D:4      | Reached skill level 6 in Unarmed Combat
  3135 | D:4      | Reached XP level 7. HP: 40/61 MP: 9/9
  3357 | D:5      | Entered Level 5 of the Dungeon
  3394 | D:4      | Bought a potion of haste for 120 gold pieces
  3440 | D:5      | You fall into a shaft and drop 2 floors!
  3443 | D:7      | Noticed a shadow
  3464 | D:7      | Killed a shadow
  3465 | D:7      | Reached skill level 7 in Unarmed Combat
  3609 | D:6      | Found a radiant altar of Vehumet.
  3610 | D:6      | Found an ornate altar of the Wu Jian Council.
  3780 | D:6      | Reached XP level 8. HP: 61/68 MP: 10/10
  3786 | D:6      | Found a staircase to the Ecumenical Temple.
  3795 | Temple   | Entered the Ecumenical Temple
  3831 | D:6      | Reached skill level 8 in Unarmed Combat
  4008 | D:5      | Reached skill level 9 in Unarmed Combat
  4147 | D:5      | Found the Hermit's Pendant {Faith Invo=14 Evo=0 MP+5}
  4393 | D:5      | Reached skill level 10 in Unarmed Combat
  5325 | D:7      | Reached XP level 9. HP: 74/74 MP: 11/11
  5331 | D:7      | Reached skill level 11 in Unarmed Combat
  5340 | D:7      | Found an ancient bone altar of Kikubaaqudgha.
  5740 | D:7      | Reached skill level 12 in Unarmed Combat
  6561 | D:8      | Reached skill level 13 in Unarmed Combat
  6941 | D:8      | Reached XP level 10. HP: 81/81 MP: 12/12
  7013 | D:8      | Found a hide-covered altar of Uskayaw.
  7431 | D:9      | Reached skill level 14 in Unarmed Combat
  7445 | D:9      | Noticed Jeremiah
  7458 | D:9      | Killed Jeremiah
  7616 | D:9      | Reached skill level 15 in Unarmed Combat
  7667 | D:8      | Became a worshipper of Uskayaw the Reveller
  7745 | D:9      | Reached * piety under Uskayaw
  7747 | D:9      | Reached ** piety under Uskayaw
  7751 | D:9      | Reached *** piety under Uskayaw
  7796 | D:9      | Reached **** piety under Uskayaw
  7900 | D:9      | Reached ***** piety under Uskayaw
  7906 | D:9      | Found a sparkling altar of Nemelex Xobeh.
  7936 | D:9      | Found Holuis's Armour Boutique.
  7936 | D:9      | Found a staircase to the Orcish Mines.
  7936 | D:9      | Found Roubb's Weapon Boutique.
  7947 | D:9      | Bought a +1 helmet of see invisible for 247 gold pieces
  8091 | D:9      | Noticed a deep elf pyromancer
  8217 | D:9      | Killed a deep elf pyromancer
  8218 | D:9      | Reached XP level 11. HP: 84/99 MP: 13/13
  8262 | D:9      | Found a staircase to the Lair.
  8439 | D:10     | Entered Level 10 of the Dungeon
  8455 | D:10     | Reached skill level 10 in Fighting
  8455 | D:10     | Reached skill level 1 in Invocations
  8541 | D:10     | Noticed a two-headed ogre
  8552 | D:10     | Killed a two-headed ogre
  8579 | D:10     | Found a burning altar of Makhleb.
  8829 | D:10     | Noticed an angel
  9262 | Lair:1   | Entered Level 1 of the Lair of Beasts
  9381 | Lair:1   | Reached skill level 5 in Armour
  9552 | Lair:1   | You fall into a shaft and drop 1 floor!
  9560 | Lair:2   | Found a dark tunnel.
  9563 | Lair:2   | Noticed a four-headed hydra
  9600 | Lair:2   | Noticed a skyshark
  9672 | Lair:2   | Reached ****** piety under Uskayaw
  9757 | Lair:2   | Killed a four-headed hydra
  9758 | Lair:2   | Reached XP level 12. HP: 53/106 MP: 22/22
  9940 | Volcano  | Entered a volcano
 10488 | Volcano  | Noticed a hell knight
 10513 | Volcano  | Found a bloodstained altar of Trog.
 10517 | Volcano  | Killed a hell knight
 10530 | Volcano  | Reached skill level 10 in Armour
 10532 | Volcano  | HP: 5/106 [salamander mystic/+1 rapier of flaming (6)]
 10535 | Volcano  | HP: 1/106 [salamander mystic/+1 rapier of flaming (9)]
 10535 | Volcano  | Slain by a salamander mystic

Illustrated notes

Levels and vault maps discovered:
D:1:      saegor_arrival_simple_e, layout_loops_cross,
          nicolae_ecumenical_snake_handling
D:2:      layout_basic
D:3:      minmay_inner_zag, layout_basic, overflow_temple_1_default,
          chequers_arboretum
D:4:      layout_loops_corners, serial_shops, nicolae_shop_trees,
          nicolae_tricolors, uniq_menkaure
D:5:      layout_rooms
D:6:      layout_basic, chequers_temple_overflow_statue_of_worship,
          minmay_temple_entry_sparse_star, chequers_serial_rivers_micro_c,
          chequers_serial_rivers_micro_e, st_stairs_7
D:7:      layout_basic, lemuel_mausoleum_altar_kikubaaqudgha,
          nicolae_concentric_dashed_squares_wild, abandoned_shop,
          minmay_misc_feat_x
D:8:      layout_layer_cave, nicolae_uskayaw_murder_on_the_dancefloor,
          chequers_jeans, minmay_crossroads
D:9:      layout_roguey, mainiacjoe_overflow_surrounded_room,
          hellmonk_lair_entry_icy, orc_david_3, kennysheep_generic_room_3,
          uniq_jeremiah
D:10:     layout_roguey, mainiacjoe_overflow_cross_hatched, zin_angel,
          minmay_misc_feat_encased
Temple:   nicolae_temple_superstar
Lair:1:   layout_roguey [special_room_bee]
Lair:2:   layout_gridlike, minmay_swamp_entry_reptiles, enter_volcano_3
Volcano:  volcano_grotto [vgs_many_chambers]

Skill      XL: |  1  2  3  4  5  6  7  8  9 10 11 12 |
---------------+-------------------------------------+-----
Fighting       | 1 2 3 4 5 9 10 | 10.0
Unarmed Combat | 1 2 3 4 6 7 10 13 15 | 15.0
Invocations    | 1 |  1.6
Armour         | 8 10 | 10.0
Dodging        | 2 |  2.0
Stealth        | |  2.1
Spellcasting   | |  1.7
Summonings     | |  3.6

Action                     |  1- 3 |  4- 6 |  7- 9 | 10-12 || total
---------------------------+-------+-------+-------+-------++-------
  Melee: Unarmed           |   103 |   139 |   296 |   368 ||   906
 Invoke: Grand Finale      |       |       |       |     1 ||     1
  Evoke: Wand              |       |       |       |     5 ||     5
    Use: Scroll            |       |     3 |     6 |    10 ||    19
         Potion            |       |       |       |     7 ||     7
   Stab: Paralysed         |       |       |       |    39 ||    39
 Armour: Robe              |    42 |       |       |       ||    42
         Ring mail         |    15 |    67 |   177 |   252 ||   511
  Dodge: Dodged            |    64 |    66 |   121 |   161 ||   412
